Map: Ice and Chrome LE

Players

LilDicky - Winner!

  • Race: Terran Terran
  • League: Gold
  • Spawn Location: 7:00

A.I. 1 (Very Easy)

  • Race: Protoss Protoss
  • Spawn Location: 1:00

VOD

Have the link to the VOD?

Description

Time

  • Played on: Aug. 4, 2020, 1:04 a.m.
  • Length: 12:10
Show
View Real Time Build Order
Export as new Build Order

LilDicky Terran - Winner!

Build Orders: Reaper Expand 

Get SALT Encoding   

  12  0:00  SCV  
  13  0:13  SCV  
  14  0:18  Supply Depot  
  14  0:25  SCV  
  15  0:39  SCV  
  15  0:41  Barracks  
  16  0:47  Refinery  
  16  0:51  SCV  
  17  1:03  SCV  
  18  1:15  SCV  
  19  1:29  Orbital Command  
  19  1:33  Reaper  
  19  1:39  Command Center  
  20  1:51  Supply Depot  
  20  1:55  SCV  
  21  2:04  Marine  
  22  2:11  Factory  
  22  2:14  SCV  
  23  2:22  Refinery  
  23  2:27  Barracks Reactor  
  23  2:28  SCV  
  24  2:40  SCV  
  25  2:53  Orbital Command  
  25  2:59  Widow Mine  
  25  3:02  Starport  
  25  3:04  Marine x2  
  29  3:10  Supply Depot  
  29  3:11  SCV  
  31  3:20  SCV, Widow Mine  
  31  3:21  Marine  
  31  3:22  Marine  
  31  3:23  SCV  
  36  3:32  SCV  
  37  3:35  SCV  
  37  3:39  Marine x2  
  40  3:44  SCV, Supply Depot  
  40  3:45  Factory Tech Lab  
  40  3:46  Medivac  
  40  3:47  SCV  
  44  3:56  SCV  
  44  3:57  Marine x2  
  44  3:59  SCV, Refinery  
  48  4:04  Siege Tank  
  48  4:08  SCV  
  52  4:11  SCV  
  52  4:15  Marine x2  
  55  4:20  SCV, Starport Tech Lab  
  55  4:24  SCV, Liberator  
  60  4:32  SCV  
  60  4:33  Marine  
  60  4:37  Supply Depot  
  62  4:42  Refinery  
  62  4:58  SCV, Supply Depot, Marine  
  64  5:05  Barracks  
  64  5:06  Siege Tank  
  67  5:08  Engineering Bay  
  67  5:09  Liberator  
  70  5:17  Marine x2  
  72  5:23  Supply Depot  
  72  5:24  SCV x2  
  74  5:34  Command Center  
  74  5:35  Marine x2  
  76  5:36  Terran Infantry Weapons Level 1  
  76  5:37  Barracks  
  76  5:40  Siege Tank  
  79  5:45  SCV x2  
  81  5:53  Marine x2  
  81  5:54  Barracks Tech Lab  
  86  5:57  SCV x2  
  86  5:58  Starport Reactor  
  85  6:09  SCV x2  
  85  6:10  Marine x2  
  89  6:12  Siege Tank  
  92  6:19  Supply Depot  
  92  6:22  Supply Depot, Marauder  
  92  6:23  Stimpack  
  94  6:29  Engineering Bay  
  94  6:31  Armory, SCV x2  
  94  6:32  Barracks Tech Lab  
  96  6:43  SCV x2  
  96  6:45  Liberator  
  96  6:46  Medivac  
  103  6:51  Marauder, Marine x2  
  103  6:52  Combat Shield, Marauder  
  109  6:55  SCV  
  109  6:56  SCV  
  109  6:58  Orbital Command  
  111  7:02  Terran Infantry Armor Level 1  
  111  7:07  SCV  
  111  7:08  SCV  
  113  7:13  Marauder  
  115  7:22  Medivac  
  120  7:25  Marauder, Marine x2  
  120  7:26  Orbital Command  
  124  7:34  Marine  
  125  7:43  Marine  
  126  7:47  SCV  
  126  7:48  SCV, Marine x2  
  130  7:51  Marine  
  130  7:55  SCV  
  132  8:00  SCV  
  133  8:11  Supply Depot  
  133  8:14  Command Center  
  133  8:17  Supply Depot  
  133  8:19  SCV, Marine x4, Liberator  
  141  8:32  Liberator  
  141  8:33  SCV  
  145  8:36  Siege Tank  
  145  8:37  Marine x4  
  149  8:41  Supply Depot  
  149  8:43  Supply Depot  
  149  8:45  Supply Depot  
  149  8:52  Command Center  
  149  8:53  Barracks  
  149  8:58  Terran Infantry Weapons Level 2  
  149  8:59  Terran Infantry Armor Level 2  
  149  9:00  Barracks  
  149  9:01  Marine x2  
  149  9:02  Marauder  
  153  9:03  Marauder  
  153  9:08  Siege Tank  
  158  9:12  Medivac  
  158  9:15  Liberator  
  158  9:16  SCV x2  
  165  9:18  SCV, Refinery  
  165  9:19  Refinery, Marine x2  
  168  9:25  Marauder x2  
  168  9:28  SCV  
  168  9:29  Orbital Command  
  173  9:33  SCV x2  
  173  9:36  Marine  
  173  9:37  Marine  
  177  9:40  SCV, Siege Tank  
  177  9:45  SCV x2  
  182  9:46  Marine x2  
  182  9:51  Barracks Reactor  
  182  9:52  Barracks Reactor, Concussive Shells, SCV  
  186  9:59  Supply Depot  
  186  10:06  Marine x2  
  188  10:07  Marauder  
  188  10:08  Marauder  
  192  10:24  Marine x2  
  192  10:26  Orbital Command  
  194  10:28  Marine x2  
  196  10:42  Marine x2  
Show
View Real Time Build Order
Export as new Build Order

A.I. 1 (Very Easy) Protoss 

Build Orders:  

Get SALT Encoding   

  12  0:00  Probe  
  13  0:13  Probe  
  14  0:19  Pylon  
  14  0:37  Assimilator  
  14  0:43  Gateway  
  14  0:47  Pylon  
  14  1:15  Assimilator  
  14  1:24  Probe  
  14  1:25  Zealot  
  14  1:32  Probe  
  15  1:35  Cybernetics Core  
  18  1:42  Probe  
  19  1:54  Probe  
  20  2:01  Warp Gate  
  20  2:02  Probe  
  21  2:10  Probe  
  22  2:49  Stalker  
  24  7:22  Probe  
  24  7:27  Adept  
  24  7:29  Pylon  
  27  7:30  Probe  
  27  7:34  Robotics Facility  
  27  7:35  Nexus  
  28  7:40  Probe  
  25  8:14  Observer  
  25  8:24  Stalker  
  28  8:29  Observer  
  29  8:46  Probe  
  30  8:55  Probe  
  31  8:58  Probe, Assimilator  
  31  9:00  Assimilator  
  32  9:09  Probe  
  33  9:16  Probe  
  34  9:20  Zealot  
  34  9:23  Probe  
  37  9:30  Probe  
  38  9:38  Probe  
  39  9:42  Probe  
  40  9:52  Probe  
  41  9:55  Probe  
  42  10:06  Probe  
  43  10:14  Probe  
  44  10:21  Probe  
  45  10:28  Probe  
  46  10:32  Probe  
  47  10:38  Pylon  
  47  10:42  Probe  
  48  11:12  Zealot  
  48  11:14  Probe  
  44  11:22  Probe  
  43  11:29  Probe  
  33  11:41  Zealot  
  33  11:43  Probe  
  31  11:47  Pylon  
  15  11:55  Probe  
Tags
 
Add a new tag
Caveats
  • Supply blocks, unpowered buildings, or Contaminate may cause inaccurate times.
  • Supply counts are checked every 10 seconds.